 Dungeon Crawl Stone Soup version 0.29.1-15-g9cfb28693d (webtiles) character file.

Game seed: 8629836465781121668

3520 hawla the Thaumaturge (level 10, -8/73 HPs)
             Began as a Meteoran Fire Elementalist on Mar 5, 2023.
             Was an Initiate of Vehumet.
             Killed from afar by a gargoyle (21 damage)
             ... with a stone arrow
             ... on level 7 of the Dungeon.
             The game lasted 00:16:50 (3073 turns).

hawla the Thaumaturge (Meteoran Fire Elementalist)  Turns: 3073, Time: 00:16:51

Health: -8/73      AC:  7    Str: 10    XL:     10   Next: 53%
Magic:  25/34      EV: 17    Int: 22    God:    Vehumet [......]
Gold:   269        SH:  0    Dex: 14    Spells: 23/30 levels left

rFire   . . .      SeeInvis .   j - staff of air
rCold   . . .      Faith    .   (no shield)
rNeg    . . .      Spirit   .   a - +1 robe
rPois   .          Reflect  .   (no helmet)
rElec   +          Harm     .   (no cloak)
rCorr   .          Rampage  .   f - +0 pair of gloves
Will    +....                   o - +2 pair of boots
Stlth   +.........              (no amulet)
HPRegen 0.22/turn               c - +4 ring of evasion
MPRegen 0.24/turn               g - ring of magical power

@: glowing
A: sense surroundings 2, otherworldly, glowing, explore regen, subdued magic 1
a: Renounce Religion


You were on level 7 of the Dungeon.
You worshipped Vehumet.
Vehumet was noncommittal.
You visited 2 branches of the dungeon, and saw 8 of its levels.
You also visited: Sewer.

You collected 269 gold pieces.

Inventory:

Armour
 a - a +1 robe (worn)
 f - a +0 pair of gloves (worn)
 o - a +2 pair of boots (worn)
Magical Staves
 j - a staff of air (weapon)
Jewellery
 c - a +4 ring of evasion (left hand)
 g - a ring of magical power (right hand)
Wands
 d - a wand of roots (7) (quivered)
 t - a wand of flame (12)
Scrolls
 b - a scroll of acquirement {unknown}
 e - a scroll of fear
 h - 2 scrolls of identify
 p - a scroll of teleportation {unknown}
 q - a scroll of poison {unknown}
 r - 2 scrolls of brand weapon {unknown}
 u - a scroll of butterflies {unknown}
Potions
 i - 5 potions of curing {unknown}
 k - a potion of flight
 m - 2 potions of heal wounds
 n - a potion of cancellation


   Skills:
 + Level 1.9 Fighting
 * Level 1.3 Staves
 + Level 3.4 Dodging
 - Level 1.4 Stealth
 + Level 10.6 Spellcasting
 + Level 7.2 Conjurations
 + Level 10.1 Fire Magic
 + Level 3.0 Air Magic
 + Level 3.0 Evocations


You had 23 spell levels left.
You knew the following spells:

 Your Spells              Type           Power      Damage    Failure   Level
a - Foxfire               Conj/Fire      100%       2x1d9     1%          1
b - Scorch                Fire           86%        2d9       1%          2
c - Flame Wave            Conj/Fire      38%        2d10      1%          4

Your spell library contained the following spells:

 Spells                   Type           Power      Damage    Failure   Level
 Conjure Flame            Conj/Fire      38%        6-21      1%          3
 Inner Flame              Hex/Fire       26%        N/A       1%          3
 Gell's Gravitas          Tloc           9%         N/A       14%         3
 Lesser Beckoning         Tloc           9%         N/A       14%         3
 Teleport Other           Tloc           9%         N/A       14%         3


Dungeon Overview and Level Annotations

Branches:
Dungeon (7/15) Zot: 1247   Temple (1/1) D:7 Zot: 583   Sewer (visited)

Altars:
Cheibriados
Elyvilon
Nemelex Xobeh
Trog
Vehumet
Wu Jian

Annotations:
D:2 Sigmund
D:7 1 transporter


Innate Abilities, Weirdness & Mutations

You passively map the area around you.
You are easily found by Zot.
You glow in the dark.
You regain HP and MP as you explore.
Your spells are a little easier to cast, but a little less powerful.


Message History

A wave of flame ripples out!
The flame wave engulfs something but does no damage.
The flame wave engulfs the gargoyle!
The gargoyle is heavily damaged.
The flame wave engulfs the troll!!
The troll is severely wounded.
The flame wave engulfs the centaur!
The centaur is almost dead.
The flame wave engulfs something.
You finish channelling waves of flame.
The gargoyle hurls a stone arrow at you.
The stone arrow hits you! The troll closely misses you. The troll claws you.
The troll barely misses you. Something hits you but does no damage.
Unknown command.
Casting: Flame Wave (dangerous; 1% risk of failure)
Confirm with . or Enter, or press ? or * to list all spells.
Casting: Flame Wave (dangerous; 1% risk of failure)
Press: ? - help, Dir - look around, f - activate A wave of flame ripples out!
The flame wave engulfs something!
Vehumet accepts your kill.
Reactivating autopickup.
You feel a bit more experienced.
The flame wave engulfs the gargoyle but does no damage.
The gargoyle is heavily damaged.
The flame wave engulfs the troll.
The troll is severely wounded. (Press . to intensify the flame waves.)
The troll barely misses you. The troll claws you! x2
The gargoyle hits you with a +0 mace.
You feel much better. Something misses you. The gargoyle closely misses you.
The troll barely misses you. The troll claws you!
The troll claws you but does no damage.
Deactivating autopickup; reactivate with Ctrl-A.
You hit something but do no damage. Something completely misses you.
The gargoyle hits you with a +0 mace! The troll bites you. The troll claws you.
* * * LOW HITPOINT WARNING * * *
The troll claws you.
* * * LOW HITPOINT WARNING * * *
The gargoyle hurls a stone arrow at you.
The stone arrow hits you!!
You die...

####...........######...
##.............##### ####
#.......©..........#
#...#########......# #
#..##8.....8##.....# ###
######..#©........#.....# ##..
#.......#.#..c..#.#.....# #..#
#.......#..#†9T#..#.....# #.##
#.......#....@....#..######.#.
#.......#..#...#..#..####...#.
#.......#Y#.....#.#.......#.(.
#.......#........$#....[[...##
#.......##8.$[?.8##...)?)>.##
#........#########.....)..(#
##.#.#.......©.............#
##.#.##..............#####.#
#....###..###..###..##########


You could see a troll, a gargoyle and a centaur.

Vanquished Creatures
  Pikel (D:7)
  Eustachio (D:6)
  Edmund (D:5)
  A water moccasin (D:5)
  An orc warrior (D:6)
  6 ice beasts
  Pargi (Sewer)
  2 sky beasts
  2 ogres
  4 lemures (D:7)
  A kobold brigand (D:7)
  3 necrophages
  A bullfrog (D:7)
  2 scorpions
  9 wights (D:7)
  An orc priest (D:4)
  2 gnoll boudas
  6 hounds
  Ijyb (D:4)
  2 iguanas (D:6)
  2 orc wizards (D:6)
  2 adders
  20 gnolls
  4 ufetubi
  2 worms (D:6)
  The ghost of croobank the Sneak, a weakling OpDe (D:7)
  A dart slug (D:5)
  26 orcs
  3 endoplasms
  4 giant cockroaches
  2 goblins
  A hobgoblin (D:3)
  A jackal (D:2)
  3 quokkas
  A ball python (D:1)
  4 frilled lizards
  9 kobolds
  3 rats (D:6)
137 creatures vanquished.

Vanquished Creatures (others)
  235 foxfires
  8 plants (D:6)
243 creatures vanquished.

Grand Total: 380 creatures vanquished

Notes
Turn   | Place    | Note
-------+----------+-------------------------------------------
     0 | D:1      | hawla the Meteoran Fire Elementalist began the quest for
                  | the Orb.
     0 | D:1      | Reached XP level 1. HP: 14/14 MP: 5/5
   100 | D:2      | Noticed Sigmund
   102 | D:2      | Reached XP level 2. HP: 20/20 MP: 3/6
   107 | D:1      | Learned a level 2 spell: Scorch
   214 | D:3      | Reached skill level 1 in Air Magic
   214 | D:3      | Reached skill level 1 in Evocations
   214 | D:3      | Reached XP level 3. HP: 26/26 MP: 8/8
   215 | D:3      | Found a glowing drain.
   238 | Sewer    | Entered a sewer
   336 | Sewer    | Noticed Pargi
   340 | Sewer    | Killed Pargi
   341 | Sewer    | Reached XP level 4. HP: 33/33 MP: 9/9
   341 | Sewer    | Reached XP level 5. HP: 38/38 MP: 9/10
   431 | D:4      | Noticed Ijyb
   439 | D:4      | Killed Ijyb
   649 | D:4      | Reached XP level 6. HP: 45/45 MP: 10/12
   726 | D:4      | Noticed an ogre
   729 | D:4      | Killed an ogre
   730 | D:4      | Reached skill level 5 in Fire Magic
  1126 | D:5      | Entered Level 5 of the Dungeon
  1132 | D:5      | Reached XP level 7. HP: 50/50 MP: 15/15
  1255 | D:5      | Reached skill level 5 in Spellcasting
  1293 | D:5      | Noticed Edmund
  1312 | D:6      | Reached XP level 8. HP: 41/57 MP: 14/17
  1317 | D:6      | Learned a level 4 spell: Flame Wave
  1325 | D:6      | Found a snail-covered altar of Cheibriados.
  1393 | D:6      | Reached skill level 5 in Conjurations
  1650 | D:5      | Killed Edmund
  1736 | D:5      | Gained mutation: You passively map the area around you.
                  | [Meteoran growth]
  1736 | D:5      | Reached XP level 9. HP: 62/62 MP: 20/20
  1906 | D:6      | Found a white marble altar of Elyvilon.
  2070 | D:6      | Noticed Eustachio
  2082 | D:6      | Killed Eustachio
  2228 | D:6      | Noticed a moth of wrath
  2236 | D:6      | Found a bloodstained altar of Trog.
  2436 | D:7      | Gained mutation: You are robust. (+10% HP) [potion of
                  | mutation]
  2436 | D:7      | Lost mutation: You are robust. (+10% HP) [potion of
                  | mutation]
  2436 | D:7      | Gained mutation: Your spells are a little easier to cast,
                  | but a little less powerful. [potion of mutation]
  2464 | D:7      | Reached skill level 1 in Fighting
  2523 | D:7      | Reached XP level 10. HP: 71/71 MP: 24/24
  2530 | D:7      | Noticed croobank's ghost (weakling OpDe)
  2530 | D:7      | Noticed a gargoyle
  2535 | D:7      | Noticed Pikel
  2552 | D:7      | Killed Pikel
  2553 | D:7      | Reached skill level 10 in Spellcasting
  2565 | D:7      | Reached skill level 10 in Fire Magic
  2591 | D:7      | Found a transporter.
  2679 | D:7      | Found a staircase to the Ecumenical Temple.
  2887 | D:7      | Found a transporter.
  2992 | Temple   | Entered the Ecumenical Temple
  3003 | Temple   | Became a worshipper of Vehumet
  3069 | D:7      | Killed croobank's ghost
  3070 | D:7      | Reached skill level 1 in Staves
  3073 | D:7      | Killed from afar by a gargoyle

Illustrated notes

Levels and vault maps discovered:
D:1:      lightli_arrival_noodles, layout_basic
D:2:      layout_loops_ring, serial_shops, shop_fountains,
          dreamdust_ecumenical_altar_statues, minmay_quantized, uniq_sigmund
D:3:      layout_rooms, portal_sewer_entry_f, minmay_misc_feat_cross,
          minivault_19, minmay_misc_feat_alley, uniq_crazy_yiuf_cottage,
          uniq_robin
D:4:      layout_loops_ring, moated_statue, uniq_ijyb
D:5:      layout_loops_ring, uniq_edmund
D:6:      layout_rooms, nicolae_overflow_crystal_walls,
          mainiacjoe_overflow_tiny_flanked, tgw_trog, serial_rivers,
          chequers_serial_rivers_room_b, chequers_serial_rivers_micro_d,
          chequers_serial_rivers_large_a, chequers_serial_rivers_micro_d,
          serial_bayou_pond_c, uniq_eustachio
D:7:      layout_rooms, temple_green, gammafunk_ghost_arena, uniq_pikel
Temple:   nicolae_temple_bog_church

Skill      XL: |  1  2  3  4  5  6  7  8  9 10 |
---------------+-------------------------------+-----
Fire Magic     | 4 5 6 8 10 | 10.1
Air Magic      | 1 3 |  3.0
Evocations     | 1 3 |  3.0
Spellcasting   | 3 4 5 6 9 10 | 10.6
Conjurations   | 2 6 7 |  7.2
Dodging        | 3 |  3.4
Fighting       | 1 |  1.9
Staves         | 1 |  1.3
Stealth        | |  1.4

Action                   |  1- 3 |  4- 6 |  7- 9 | 10-12 || total
-------------------------+-------+-------+-------+-------++-------
Melee: Unarmed           |     1 |       |       |       ||     1
       Staff             |     3 |     4 |     5 |     1 ||    13
 Cast: Foxfire           |    15 |    29 |    79 |    18 ||   141
       Scorch            |    10 |    16 |    71 |     9 ||   106
       Flame Wave        |       |       |     7 |     7 ||    14
Evoke: Wand              |       |       |       |     1 ||     1
  Use: Scroll            |       |     6 |     5 |       ||    11
       Potion            |       |       |     1 |     2 ||     3
Armor: Robe              |       |       |    16 |     7 ||    23
Dodge: Dodged            |    13 |     3 |    27 |    22 ||    65
